 Dungeon Crawl Stone Soup version 0.27-a0-836-gfc908b8576 (webtiles) character file.

Game seed: 15768574377950186368

96 Mesmaeker13 the Magician (level 4, -5/24 HPs)
             Began as a Deep Elf Fire Elementalist on Mar 31, 2021.
             Slain by an orc
             ... wielding a +0 hand axe
              (6 damage)
             ... on level 3 of the Dungeon.
             The game lasted 00:03:48 (3583 turns).

Mesmaeker13 the Magician (DEFE)                     Turns: 3583, Time: 00:03:48

Health: -5/24      AC:  3    Str:  5    XL:     4   Next: 41%
Magic:  8/12       EV: 13    Int: 21    God:
Gold:   184        SH:  0    Dex: 15    Spells: 6/11 levels left

rFire    . . .     SeeInvis .   g - +0 dagger (venom)
rCold    + . .     Faith    .   (no shield)
rNeg     . . .     Spirit   .   a - +0 robe
rPois    .         Reflect  .   l - +0 helmet
rElec    .         Harm     .   (no cloak)
rCorr    .         Rampage  .   (no gloves)
Will     .....                  (no boots)
Stlth    ++........             (no amulet)
HPRegen  0.08/turn              e - ring of protection from cold
MPRegen  0.13/turn              (no ring)

@: no status effects
A: no striking features
a: no special abilities


You were on level 3 of the Dungeon.
You visited 1 branch of the dungeon, and saw 3 of its levels.

You collected 184 gold pieces.

Inventory:

Hand Weapons
 g - a +0 dagger of venom (weapon)
Armour
 a - a +0 robe (worn)
 l - a +0 helmet (worn)
Jewellery
 e - a ring of protection from cold (left hand)
 j - a ring of resist corrosion
Scrolls
 b - a scroll of magic mapping {unknown}
 f - 2 scrolls of teleportation {unknown}
 i - 2 scrolls of identify {unknown}
Potions
 c - 2 potions of heal wounds {unknown}
 d - a potion of degeneration {unknown}
 h - a potion of mutation {unknown}
 k - 2 potions of curing {unknown}
 m - a potion of cancellation {unknown}


   Skills:
 + Level 3.5 Dodging
 - Level 2.4 Stealth
 + Level 4.1 Spellcasting
 + Level 2.5 Conjurations
 + Level 4.0 Fire Magic


You had 6 spell levels left.
You knew the following spells:

 Your Spells              Type           Power      Damage    Failure   Level
a - Foxfire               Conj/Fire      72%        2x1d7     3%          1
b - Sticky Flame          Conj/Fire      18%        2d4       30%         4

Your spell library contained the following spells:

 Spells                   Type           Power      Damage    Failure   Level
 Conjure Flame            Conj/Fire      18%        6-21      10%         3
 Animate Skeleton         Necr           8%         N/A       12%         1
 Apportation              Tloc           8%         N/A       12%         1
 Corona                   Hex            4%         N/A       12%         1
 Summon Small Mammal      Summ           16%        N/A       12%         1
 Inner Flame              Hex/Fire       12%        N/A       16%         3
 Fireball                 Conj/Fire      9%         3d6       65%         5


Dungeon Overview and Level Annotations

Branches:
Dungeon (3/15)

Altars:
Fedhas


Message History

Casting: Foxfire (safe; 3% risk of failure)
Confirm with . or Enter, or press ? or * to list all spells.
You conjure some foxfire!
The orc shouts! x2
An orc comes into view. It is wielding a +0 hand axe.
The foxfire hits the orc.
The orc is severely wounded.
Casting: Foxfire (safe; 3% risk of failure)
Confirm with . or Enter, or press ? or * to list all spells.
You conjure some foxfire!
The foxfire hits the orc.
The orc is lightly wounded.
The foxfire hits the orc.
The orc is heavily wounded.
The orc throws a boomerang.
The boomerang closely misses you.
Things that are here:
a +0 dagger; a +0 chain mail
Casting: Foxfire (safe; 3% risk of failure)
Confirm with . or Enter, or press ? or * to list all spells.
You conjure some foxfire!
The foxfire hits the orc.
The orc is almost dead.
The foxfire hits the orc but does no damage.
The orc is heavily wounded.
Casting: Foxfire (safe; 3% risk of failure)
Confirm with . or Enter, or press ? or * to list all spells.
You conjure some foxfire!
The orc priest invokes the aid of Beogh against you.
Beogh smites you!
The foxfire hits the orc but does no damage. x2
The orc is almost dead.
Casting: Foxfire (safe; 3% risk of failure)
Confirm with . or Enter, or press ? or * to list all spells.
You conjure some foxfire!
The orc closely misses you.
The orc priest mumbles some strange prayers to Beogh against you.
Beogh smites you!
Ouch! That really hurt!
* * * LOW HITPOINT WARNING * * *
The orc hits you with a +0 hand axe.
You die...

#.#..# #.# #.#..#
#.###### #.#..#
#....... #.#..#
########### #.#..#
#.....#####
#.#..###..oo.+...#
####.#......ยง...###.#
#...vo..###.#'#......
#...@o.o....#.#.###..
#...vo.#..#.#.#.# ##.
####.#.#..#.#.#.####.
#.#.#..#.#.#....#.
#.#.##.#.#.#.....)
#.#....#.#.#.##.#.
#.######.#.#.#....
#........#.#.####.
#########.........


You could see an orc priest and 3 orcs.

Vanquished Creatures
  Robin (D:2)
  3 adders
  A worm (D:2)
  An orc (D:3)
  6 bats
  6 endoplasms
  A giant cockroach (D:1)
  11 goblins
  8 hobgoblins
  2 jackals (D:3)
  A quokka (D:1)
  3 ball pythons
  2 frilled lizards (D:1)
  2 kobolds
  3 rats
51 creatures vanquished.

Vanquished Creatures (others)
  123 foxfires
123 creatures vanquished.

Grand Total: 174 creatures vanquished

Notes
Turn   | Place    | Note
-------+----------+-------------------------------------------
     0 | D:1      | Mesmaeker13 the Deep Elf Fire Elementalist began the quest
                  | for the Orb.
     0 | D:1      | Reached XP level 1. HP: 10/10 MP: 6/6
   206 | D:1      | Reached XP level 2. HP: 15/15 MP: 4/8
   939 | D:2      | Reached XP level 3. HP: 11/19 MP: 7/10
  1493 | D:2      | Noticed Robin
  1517 | D:2      | Killed Robin
  1992 | D:3      | Reached XP level 4. HP: 24/24 MP: 7/11
  1997 | D:3      | Learned a level 4 spell: Sticky Flame
  2707 | D:3      | Found a blossoming altar of Fedhas.
  3583 | D:3      | HP: 1/24 [orc priest/divine providence (13)]
  3583 | D:3      | Slain by an orc

Illustrated notes

Levels and vault maps discovered:
D:1:      lightli_arrival_farm, layout_loops_ring
D:2:      layout_rooms, minmay_statues_item, uniq_robin
D:3:      layout_basic, fedhas_altar_4

Skill      XL: |  1  2  3  4 |
---------------+-------------+-----
Dodging        | 3 |  3.5
Conjurations   | 2 |  2.5
Spellcasting   | 4 |  4.1
Fire Magic     | 4 |  4.0
Stealth        | |  2.4

Action                   |  1- 3 |  4- 6 || total
-------------------------+-------+-------++-------
 Cast: Foxfire           |    55 |    24 ||    79
Armor: Robe              |     3 |     4 ||     7
Dodge: Dodged            |    10 |     4 ||    14

Table legend: (Time is in decaauts)
 A = Elapsed time spent in this place.
 B = Non-inter-level travel time spent in this place.
 C = Inter-level travel time spent in this place.
 D = Time resting spent in this place.
 E = Time spent auto-exploring this place.
 F = Levels seen in this place.
 G = Mean time per level.
                   A        B        C        D        E       F      G
               +--------+--------+--------+--------+--------+-----+--------+
         Total |   3611 |   3375 |    236 |    426 |   2444 |   3 | 1203.7 |
       Dungeon |   3611 |   3375 |    236 |    426 |   2444 |   3 | 1203.7 |
               +--------+--------+--------+--------+--------+-----+--------+

Top non-repeatable levels by time:
     D:3: 1629 daAuts
     D:2: 1019 daAuts
     D:1: 962 daAuts
